 Dungeon Crawl Stone Soup version 0.19-b1-4-gd8a0a2a (webtiles) character file.

133 Disciple the Cutter (level 4, -12/33 HPs)
             Began as a Vampire Gladiator on Oct 30, 2016.
             Killed from afar by an orc wizard (13 damage)
             ... with a puff of flame
             ... on level 3 of the Dungeon.
             The game lasted 00:02:39 (1981 turns).

Disciple the Cutter (Vampire Gladiator)             Turns: 1981, Time: 00:02:39

Health: -12/33     AC:  4    Str: 14    XL:     4   Next: 94%
Magic:  4/4        EV: 13    Int: 11    God:
Gold:   172        SH:  0    Dex: 14    Spells: 0 memorised, 3 levels left

rFire  . . .     SeeInvis +     a - +0 rapier
rCold  + + .     Gourm    .     b - +0 leather armour
rNeg   + + +     Faith    .     (no shield)
rPois  ∞         Spirit   .     c - +0 helmet
rElec  .         Reflect  .     (no cloak)
rCorr  .         Harm     .     (no gloves)
MR     .....                    (no boots)
Stlth  +++.......               (no amulet)
                                (no ring)
                                (no ring)

@: flying, bloodless, non-regenerating
A: fangs 3, see invisible, unbreathing
a: Bat Form


You were on level 3 of the Dungeon.
You were bloodless.

You visited 1 branch of the dungeon, and saw 3 of its levels.

You collected 172 gold pieces.

Inventory:

Hand Weapons
 a - a +0 rapier (weapon)
Missiles
 d - 3 throwing nets (quivered)
 j - 4 javelins
Armour
 b - a +0 leather armour (worn)
 c - a +0 helmet (worn)
 r - a +0 pair of boots
Scrolls
 f - a scroll of fear {unknown}
 g - a scroll of remove curse {unknown}
 k - 3 scrolls of immolation {unknown}
 l - a scroll of magic mapping {unknown}
 n - 4 scrolls of identify {unknown}
 p - a scroll of amnesia {unknown}
 u - a scroll of fog {unknown}
Potions
 e - 22 potions of blood
 h - 3 potions of flight
 i - a potion of degeneration {unknown}
 q - a potion of brilliance {unknown}
 s - a potion of magic {unknown}
Comestibles
 m - a meat ration
 o - 3 bread rations
 t - 2 fruits


   Skills:
 - Level 1.7 Fighting
 + Level 6.2 Short Blades
 - Level 1.5 Throwing
 - Level 3.2 Dodging


You had 3 spell levels left.
You didn't know any spells.

Dungeon Overview and Level Annotations

Branches:
Dungeon (3/15)

Altars:
Nemelex Xobeh


Innate Abilities, Weirdness & Mutations

You do not heal naturally.
You are immune to poison.
You have razor-sharp teeth.
You have supernaturally acute eyesight. (SInv)
You can survive without breathing.


Message History

You barely miss the orc wizard.
The orc wizard is severely wounded.
You closely miss the orc wizard.
The orc wizard is severely wounded.
The orc wizard casts a spell at you. The puff of frost hits you! You resist.
* * * LOW HITPOINT WARNING * * *
You hit the orc wizard. You bite the orc wizard.
You draw the orc wizard's blood!
You feel better.
You feel slightly less thirsty.
The orc wizard is almost dead.
The orc wizard casts a spell at you. The magic dart hits you!
* * * LOW HITPOINT WARNING * * *
It was a potion of flight.
You feel very buoyant.
You fly up into the air.
The orc wizard casts a spell at you. The puff of flame hits you!
You die...

.##.##.#^.......[..# #.#
.##.##.#..........# #.##
..#.##.#..........# #..#
#.#.##.#..........# ##.#
#...##.#.<........## #.###
##.....##########..## #...#
#...#### ##..# ###.# ..#..#
###########.###########.### ......<
......?oo@.................
###.######...##.###.############...
#.# ##.....# #.# ### #.# #..#).#
#.. #.# #.#o#.# ##.# #...#..# .#
#... ..# .# #.# ...# .# ... ##..


You could see an orc wizard and an orc.

Vanquished Creatures
  A gnoll (D:1)
  4 adders
  A worm (D:2)
  3 dart slugs
  An orc (D:3)
  5 bats
  4 giant cockroaches
  7 goblins
  4 hobgoblins
  13 jackals
  5 kobolds
  A quokka (D:2)
  4 frilled lizards
  7 rats
60 creatures vanquished.

Vanquished Creatures (others)
  An orc wizard (D:3)
1 creature vanquished.

Grand Total: 61 creatures vanquished

Notes
Turn   | Place    | Note
-------+----------+-------------------------------------------
     0 | D:1      | Disciple the Vampire Gladiator began the quest for the Orb.
     0 | D:1      | Reached XP level 1. HP: 16/16 MP: 1/1
   259 | D:1      | Reached XP level 2. HP: 12/22 MP: 2/2
   386 | D:1      | Reached skill level 4 in Short Blades
   845 | D:1      | Reached XP level 3. HP: 26/27 MP: 3/3
  1165 | D:2      | Reached skill level 5 in Short Blades
  1299 | D:2      | Found a sparkling altar of Nemelex Xobeh.
  1307 | D:2      | Reached XP level 4. HP: 29/33 MP: 4/4
  1926 | D:3      | Reached skill level 6 in Short Blades
  1943 | D:3      | Found a faded altar of an unknown god.
  1980 | D:3      | HP: 1/33 [orc wizard/magic dart (4)]
  1981 | D:3      | Killed from afar by an orc wizard

Skill      XL: |  1  2  3  4 |
---------------+-------------+-----
Short Blades   | 4 5 6 |  6.2
Fighting       | |  1.7
Throwing       | |  1.5
Dodging        | |  3.2

Action                   |  1- 3 |  4- 6 || total
-------------------------+-------+-------++-------
Melee: Rapier            |    93 |    95 ||   188
       Bite              |     8 |     9 ||    17
  Use: Potion            |       |     1 ||     1
 Stab: Sleeping          |     5 |     1 ||     6
Armor: Leather armour    |    22 |    28 ||    50
Dodge: Dodged            |    46 |    61 ||   107
